 Dungeon Crawl Stone Soup version 0.27-a0-972-gd1521fd518 (webtiles) character file.

Game seed: 5224809847581208602

49 robertstho the Skirmisher (level 3, -6/27 HPs)
             Began as an Octopode Berserker on Apr 13, 2021.
             Was a Believer of Trog.
             Mangled by a gnoll
             ... wielding a +0 spear
              (10 damage)
             ... on level 2 of the Dungeon.
             The game lasted 00:01:17 (1442 turns).

robertstho the Skirmisher (Octopode Berserker)      Turns: 1442, Time: 00:01:18

Health: -6/27      AC:  1    Str: 16    XL:     3   Next: 77%
Magic:  3/3        EV: 13    Int:  9    God:    Trog [**....]
Gold:   50         SH:  0    Dex: 12    Spells: 2/2 levels left

rFire    . . .     SeeInvis .   c - +2 short sword (protect)
rCold    . . .     Faith    .   (no shield)
rNeg     . . .     Spirit   .   (helmet restricted)
rPois    .         Reflect  .   (no amulet)
rElec    .         Harm     .   (no ring)
rCorr    .         Rampage  .   (no ring)
Will     .....                  (no ring)
Stlth    +++.......             (no ring)
HPRegen  0.09/turn              (no ring)
MPRegen  0.08/turn              (no ring)
                                (no ring)
                                (no ring)

@: on berserk cooldown, slowed, very slow
A: almost no armour, amphibious, 8 rings, camouflage 1, gelatinous body 1,
(nimble swimmer 1), tentacles
a: Renounce Religion, Berserk, Trog's Hand


You were on level 2 of the Dungeon.
You worshipped Trog.
Trog was pleased with you.
You visited 1 branch of the dungeon, and saw 2 of its levels.

You collected 50 gold pieces.

Inventory:

Hand Weapons
 a - a +0 falchion
 c - a +2 short sword of protection (weapon)
Scrolls
 b - a scroll of magic mapping
 g - a scroll of identify {unknown}
Potions
 d - a potion of might {unknown}
 e - a potion of haste {unknown}


   Skills:
 * Level 3.6 Fighting
 + Level 0.6(2.2) Short Blades
 + Level 3.4 Long Blades
 + Level 3.2 Dodging
 * Level 1.4 Stealth


You had 2 spell levels left.
You didn't know any spells.
Your spell library was empty.

Dungeon Overview and Level Annotations

Branches:
Dungeon (2/15)

Altars:

Shops:
D:1 [


Innate Abilities, Weirdness & Mutations

You cannot wear most types of armour.
You are amphibious.
You can wear up to eight rings at the same time.
Your skin changes colour to match your surroundings (Stealth+).
Your rubbery body absorbs attacks. (AC +1, EV +1)
((You are camouflaged near water. (Stealth+)))
You have tentacles for arms and can constrict up to eight enemies at once.


Message History

2 gnolls come into view.
The gnoll shouts!
The gnoll moves out of view.
A gnoll comes into view. It is wielding a +0 flail.
There are monsters nearby!
There are monsters nearby!
There are monsters nearby!
There are monsters nearby!
The gnoll shouts!
An endoplasm comes into view.
The gnoll hits you with a +0 flail!
The gnoll hits you from afar with a +0 spear!
* * * LOW HITPOINT WARNING * * *
The endoplasm moves out of view.
A red film seems to cover your vision as you go berserk!
You feel yourself moving faster!
You feel mighty! The gnoll misses you.
The gnoll hits you from afar with a +0 spear.
* * * LOW HITPOINT WARNING * * *
The gnoll shouts!
You puncture the gnoll!
Your weapon exudes an aura of protection.
Your grab misses the gnoll.
The gnoll is almost dead.
The gnoll hits you from afar with a +0 spear.
* * * LOW HITPOINT WARNING * * *
The gnoll closely misses you.
You feel a strong urge to attack something.
You feel your anger nearly subside.
You are no longer berserk.
You pass out from exhaustion.
You feel yourself slow down.
You can move again.
As you read the scroll labelled FITHAONAAP, it crumbles to dust.
You feel aware of your surroundings.
You sensed 1 altar.
It was a scroll of magic mapping.
The gnoll closely misses you.
As you read the scroll labelled RASMEM LUNIOCK, it crumbles to dust.
The creatures around you are filled with an inner flame!
It was a scroll of immolation.
The gnoll hits you from afar with a +0 spear!
You die...

* *,,,,* * *,,,,* *
****,* * *,* * *,*
***#***,* ,,,...,,*
,,<.....############
*,,........Jg.gg@..#
*,*####.##########.#
*,* **,***** #.# *,*
*,*,,,,* #.# ,,*
**,***,* #.# *** ***
*,* #.# *,* #.# *,*
#.# *,* ###.#


You could see 3 gnolls and an endoplasm (inner flame).

Vanquished Creatures
  An adder (D:2)
  A worm (D:2)
  3 ball pythons
  A bat (D:1)
  4 endoplasms (D:1)
  2 goblins (D:1)
  A hobgoblin (D:1)
  8 jackals
  6 kobolds
  2 quokkas
  2 frilled lizards (D:1)
  A rat (D:1)
32 creatures vanquished.

Notes
Turn   | Place    | Note
-------+----------+-------------------------------------------
     0 | D:1      | robertstho the Octopode Berserker began the quest for the
                  | Orb.
     0 | D:1      | Reached XP level 1. HP: 16/16 MP: 1/1
   144 | D:1      | Reached XP level 2. HP: 21/21 MP: 2/2
   173 | D:1      | Reached skill level 1 in Stealth
   421 | D:1      | Found Timn's Armour Emporium.
   692 | D:1      | Reached XP level 3. HP: 26/26 MP: 3/3
   704 | D:1      | Reached ** piety under Trog
  1442 | D:2      | Mangled by a gnoll

Illustrated notes

Levels and vault maps discovered:
D:1:      co_arrival_random_square_maze, layout_basic, serial_shops, shop
D:2:      layout_loops_ring, ebering_ecumenical_altar_mist, cheibrodos_gnoll_hut

Skill      XL: |  1  2 |
---------------+-------+-----
Stealth        | 1 |  1.4
Fighting       | |  3.6
Short Blades   | |  0.6
Long Blades    | |  3.4
Dodging        | |  3.2

Action                   || total
-------------------------++-------
Melee: Falchion          ||    19
       Constrict         ||    19
       Tentacles         ||    11
       Short sword       ||    38
Invok: Berserk           ||     1
  Use: Scroll            ||     2
 Stab: Sleeping          ||     5
Armor: Skin              ||    10
Dodge: Dodged            ||    35
       Rpst.: Falchion   ||     6

Table legend: (Time is in decaauts)
 A = Elapsed time spent in this place.
 B = Non-inter-level travel time spent in this place.
 C = Inter-level travel time spent in this place.
 D = Time resting spent in this place.
 E = Time spent auto-exploring this place.
 F = Levels seen in this place.
 G = Mean time per level.
                   A        B        C        D        E       F      G
               +--------+--------+--------+--------+--------+-----+--------+
         Total |   1442 |   1398 |     44 |      0 |   1221 |   2 |  721.0 |
       Dungeon |   1442 |   1398 |     44 |      0 |   1221 |   2 |  721.0 |
               +--------+--------+--------+--------+--------+-----+--------+

Top non-repeatable levels by time:
     D:1: 1090 daAuts
     D:2: 351 daAuts
